 Dungeon Crawl Stone Soup version 0.29-a0-284-gf9362112df (webtiles) character file.

Game seed: 3602099207514176735

7012 spaghetti the Nimble (level 11, -14/81 HPs)
             Began as a Djinni Gladiator on Mar 26, 2022.
             Was a Follower of Trog.
             Demolished by a seven-headed hydra (15 damage)
             ... on level 13 of the Dungeon.
             The game lasted 00:19:36 (12754 turns).

spaghetti the Nimble (Djinni Gladiator)            Turns: 12754, Time: 00:19:37

Health: -14/81     AC:  4    Str: 13    XL:     11   Next: 29%
Gold:   602        EV: 19    Int: 12    God:    Trog [*.....] SH:  5 Dex: 19

rFire   + + .      SeeInvis .   a - +3 rapier (freeze) {short}
rCold   x . .      Faith    .   r - +0 buckler
rNeg    . . .      Spirit   .   I - +0 leather armour
rPois   ∞          Reflect  .   (helmet restricted)
rElec   .          Harm     .   (no cloak)
rCorr   .          Rampage  .   o - +2 pair of gloves
Will    +....                   (boots unavailable)
Stlth   +.........              (no amulet)
HPRegen 0.23/turn               (no ring)
MPRegen 0.00/turn               (no ring)

@: flying
A: sickness immunity, fire resistance 2, cold vulnerability 1, float, innate
caster, HP casting, extra vitality 1, antennae 1, clever 1, deformed body
a: Renounce Religion, Berserk


You were on level 13 of the Dungeon.
You worshipped Trog.
Trog was aware of your devotion.
You visited 1 branch of the dungeon, and saw 13 of its levels.

You collected 602 gold pieces.


Innate Abilities, Weirdness & Mutations

You are immune to sickness and miasma.
You are immune to poison.
Your flesh is very heat resistant. (rF++)
You are vulnerable to cold. (rC-)
You float through the air rather than walking.
You learn spells naturally, not from books.
Your magical power is your life essence.
You have superior vitality. (+4 MHP)
You have a pair of small antennae on your head.
Your mind is acute. (Int +2)
Armour fits poorly on your strangely shaped body.


   Skills:
 + Level 7.8 Fighting
 + Level 8.7 Short Blades
 - Level 1.5 Throwing
 * Level 12.9 Dodging
 - Level 2.0 Shields
 - Level 1.2 Spellcasting


You couldn't memorise any spells.
You knew the following spells:

 Your Spells              Type           Power      Damage    Failure   Level
a - Slow                  Hex            12%        N/A       30%         1
b - Static Discharge      Conj/Air       3%         N/A       41%         2
c - Frozen Ramparts       Ice            6%         1d2       65%         3
d - Swiftness             Air            3%         N/A       65%         3
e - Iskenderun's Battles  Conj           3%         2d6       100%        5
Your spell library was empty.

Inventory:

Hand Weapons
 a - a +3 rapier of freezing (weapon) {short}
   (You took it off Duvessa on level 6 of the Dungeon)
 b - the +1 hunting sling of Affirghe {vorpal, Str+6 Dex-3, sling}
   (You found it on level 7 of the Dungeon)

   Any ammunition fired from it inflicts extra damage upon your enemies.
   Str:       It affects your strength (+6).
   Dex:       It affects your dexterity (-3).
Missiles
 d - 5 throwing nets {=f!fthrowing}
 e - 4 javelins {throwing}
 i - 344 stones (quivered) {throwing}
 y - 20 poisoned darts {throwing}
 D - 11 boomerangs {throwing}
Armour
 c - a +0 helmet
 o - a +2 pair of gloves (worn)
   (You found it on level 1 of the Dungeon)
 q - a +0 plate armour
   (You found it on level 2 of the Dungeon)
 r - a +0 buckler (worn)
   (You found it on level 2 of the Dungeon)
 E - the +2 chain mail "Hesaosk" {Str-4 Int-2 SInv Stlth+}
   (You found it on level 6 of the Dungeon)

   Str:       It affects your strength (-4).
   Int:       It affects your intelligence (-2).
   SInv:      It lets you see invisible.
   Stlth:     It makes you more stealthy.
 I - a +0 leather armour (worn)
Magical Staves
 p - a staff of conjuration {!a@e2staff}
   (You found it on level 1 of the Dungeon)
Jewellery
 v - a ring of positive energy
   (You found it on level 13 of the Dungeon)
 x - a ring of wizardry
   (You found it on level 9 of the Dungeon)
Wands
 t - a wand of flame (16)
   (You found it on level 9 of the Dungeon)
 C - a wand of acid (2)
   (You found it on level 6 of the Dungeon)
 L - a wand of iceblast (5)
   (You found it on level 8 of the Dungeon)
Scrolls
 j - 2 scrolls of amnesia
 l - 3 scrolls of magic mapping {!r}
 m - a scroll of torment {!r}
 s - 2 scrolls of identify {@r1}
 w - 2 scrolls of teleportation {@r4}
 B - a scroll of holy word
 J - a scroll of fog
 K - a scroll of enchant armour
Potions
 f - 2 potions of flight
 g - 3 potions of cancellation
 h - 2 potions of curing {@q1}
 k - a potion of lignification {!q}
 n - 3 potions of mutation {!q}
 u - a potion of magic
 z - a potion of haste {@q3}

Dungeon Overview and Level Annotations

Branches:
Dungeon (13/15)            Temple (0/1) D:5            Lair (0/6) D:11
 Vaults (0/5) D:13
    Orc: D:9-12

Altars:
Ashenzari
Gozag
Hepliaklqana
Kikubaaqudgha
Trog
Vehumet
Yredelemnul

Shops:
D:1 =   D:10 (   D:11 (

Annotations:
D:6 exclusion: electric eel
D:8 1 runed translucent door, SirDiesAlot's ghost, novice MiFi
D:10 3 runed translucent doors, mathmaestro's ghost, journeyman TrMo

#####
#...#######
#...#.....#
#....D....#
##..#@..>##
##.##.......
#.......##..
##..#.....
#.###......
..# ......
#... ......
#... .T....
p....


You could see a seven-headed hydra and a troll (wandering).


Message History

Aiming: Corrosive Bolt
Press: ? - help, Shift-Dir - straight line, f/p - boulder beetle
Aim: a boulder beetle (lightly wounded, 100% to hit)
The bolt of acid hits the boulder beetle but does no damage.
You recover from your berserk rage.
The boulder beetle closely misses you.
You hit the boulder beetle but do no damage.
The boulder beetle barely misses you.
Okay, then.
As you read the scroll of teleportation {@r4}, it crumbles to dust.
You feel strangely unstable.
The boulder beetle curls into a ball and begins rolling!
Unknown command.
Unknown command. 😨 HP[+1]
The boulder beetle closely misses you.
The boulder beetle stops rolling and uncurls.
Unknown command.
Unknown command.
You block the vault guard's attack.
Unknown command.
Your extra speed is starting to run out.
The boulder beetle closely misses you. The vault guard misses you.
Unknown command.
The boulder beetle misses you.
Unknown command.
Your surroundings suddenly seem different.
A shadow comes into view.
Found an escape hatch in the floor.
Unknown command.
Unknown command.
You are too injured to fight recklessly!
You are too injured to fight recklessly!
You are too injured to fight recklessly!
You are too injured to fight recklessly!
You are too injured to fight recklessly!
You hit the shadow but do no damage. 😨 HP[+1]
You hit the shadow. The shadow hits you.
* * * LOW HITPOINT WARNING * * *
😨 HP[-3]
You take 3 damage, and now have 28/80 hp.
You barely miss the shadow. You hit the shadow.
The shadow slips into darkness.
The shadow flickers and vanishes!
You completely miss something.
You feel yourself slow down.
You hit something but do no damage.
The shadow strikes at you from the darkness!
* * * LOW HITPOINT WARNING * * *
Reactivating autopickup. 😱 HP[-18]
You take 18 damage, and now have 10/80 hp.
MASSIVE DAMAGE!! (PAUSE)
A red film seems to cover your vision as you go berserk!
You feel yourself moving faster!
You feel mighty! The shadow hits you.
* * * LOW HITPOINT WARNING * * *
😱 HP[+1]
You now have 120 max hp (+40).
You puncture the shadow! You impale the shadow!!
You destroy the shadow!
Trog accepts your kill.
You now have 121 max hp (+1).
You start resting.
You feel a strong urge to attack something.
You feel your anger nearly subside.
You are no longer berserk.
You are exhausted.
You feel yourself slow down.
You feel yourself speed up.
You recover from your berserk rage.
A vault guard is nearby!
Unknown command. 😨 HP[+19]
You now have 81 max hp (-40).
You regained 19 hp, and now have 30/81 hp.
A vault guard is nearby!
A seven-headed hydra comes into view.
The seven-headed hydra roars! 😨 HP[+1]
The seven-headed hydra misses you.
The seven-headed hydra closely misses you.
The seven-headed hydra bites you!
* * * LOW HITPOINT WARNING * * *
The seven-headed hydra completely misses you.
The seven-headed hydra bites you!
* * * LOW HITPOINT WARNING * * *
You block the seven-headed hydra's attack.
The seven-headed hydra closely misses you. 😱 HP[-17]
You take 17 damage, and now have 14/81 hp.
MASSIVE DAMAGE!! (PAUSE)
The seven-headed hydra attacks as you move away!
The seven-headed hydra closely misses you.
The seven-headed hydra bites you!
* * * LOW HITPOINT WARNING * * *
The seven-headed hydra completely misses you.
The seven-headed hydra bites you!
You die...

Skill      XL: |  1  2  3  4  5  6  7  8  9 10 |
---------------+-------------------------------+-----
Short Blades   | 3 4 5 6 7 8 |  8.7
Dodging        | 4 5 6 8 10 12 | 12.9
Spellcasting   | 1 |  1.2
Shields        | 1 2 |  2.0
Fighting       | 4 5 7 |  7.8
Throwing       | |  1.5

Action                   |  1- 3 |  4- 6 |  7- 9 | 10-12 || total
-------------------------+-------+-------+-------+-------++-------
Melee: Rapier            |    93 |   209 |   273 |   194 ||   769
       Punch             |     1 |       |       |       ||     1
       Dagger            |       |       |    40 |       ||    40
 Fire: Hunting sling     |       |       |     7 |       ||     7
Throw: Stone             |       |     8 |       |       ||     8
Invok: Berserk           |       |     3 |    14 |    14 ||    31
       Trog's Hand       |       |       |       |     1 ||     1
Evoke: Wand              |       |       |     1 |     3 ||     4
  Use: Potion            |       |     4 |     1 |     6 ||    11
       Scroll            |       |     8 |     7 |     8 ||    23
 Stab: Sleeping          |     1 |     1 |       |       ||     2
Armor: Leather armour    |    26 |    55 |    54 |    26 ||   161
Dodge: Dodged            |    57 |   150 |   234 |   237 ||   678
Block: Buckler           |       |    30 |    66 |    51 ||   147

Levels and vault maps discovered:
D:1:      ncdulo_halloftheorcs, layout_basic, serial_shops, nicolae_square_shop,
          amcnicky_mini_corridor_feature
D:2:      layout_basic
D:3:      layout_basic, lightli_sewer_entry_pipes,
          hellmonk_ecumenical_altar_watching_god, st_stairs_2, uniq_terence,
          uniq_natasha, uniq_jessica
D:4:      minmay_spotlight, layout_basic, mainiacjoe_overflow_brackets,
          nzn_hepliaklqana_mist_gate, uniq_edmund, uniq_sigmund
D:5:      layout_loops_ring, kennysheep_little_box,
          minmay_temple_entry_crystal_x
D:6:      wad_lake_hut, layout_basic, minivault_25, uniq_duvessa
D:7:      layout_basic, mainiacjoe_overflow_boulevard,
          mainiacjoe_overflow_catch_the_wave, grunt_ministairs_3,
          minmay_misc_feat_secret_circle, grunt_decor_resistance,
          david_defended_altar_orc
D:8:      layout_basic, ebering_ghost_inner_flame
D:9:      layout_layer_cave
D:10:     layout_irregular_city, serial_shops, nicolae_inconvenience_store,
          gammafunk_ghost_nasty_kobolds, hangedman_decor_growths,
          kennysheep_potato, uniq_amaemon
D:11:     layout_cave_pools, dpeg_lair_monsters, serial_shops, shop,
          nicolae_diamond_shop, nicolae_shop_statue_plus, shop,
          kennysheep_mini_moat, portal_ice_cave_entry_imps, hex_large,
          uniq_maurice
D:12:     layout_roguey, hiddenorc2_lemuel, uniq_josephine, uniq_psyche,
          uniq_urug
D:13:     layout_cave_pools, erik_vaults_2

Notes
Turn   | Place    | Note
-------+----------+-------------------------------------------
     0 | D:1      | spaghetti the Djinni Gladiator began the quest for the Orb.
     0 | D:1      | Reached XP level 1. HP: 18/18 MP: 0/0
     0 | D:1      | magus.rc [v1.9.6]
   168 | D:1      | Reached XP level 2. HP: 20/23 MP: 0/0
   210 | D:1      | Reached skill level 3 in Short Blades
   464 | D:1      | Reached XP level 3. HP: 16/28 MP: 0/0
   464 | D:1      | Learned a level 1 spell: Slow
   620 | D:1      | Found Wiobizew's Jewellery Shoppe.
   705 | D:1      | Reached skill level 4 in Dodging
  1103 | D:2      | You are sucked into a shaft and drop 1 floor!
  1103 | D:3      | Noticed Jessica
  1112 | D:3      | Killed Jessica
  1113 | D:3      | Reached XP level 4. HP: 22/33 MP: 0/0
  1852 | D:3      | Reached skill level 1 in Spellcasting
  1852 | D:3      | Reached XP level 5. HP: 28/38 MP: 0/0
  1852 | D:3      | Learned a level 2 spell: Static Discharge
  2180 | D:3      | Reached skill level 1 in Shields
  2421 | D:3      | Found a faded altar of an unknown god.
  2421 | D:3      | Noticed a golden eye
  2423 | D:3      | Noticed a great orb of eyes
  2424 | D:3      | Noticed an eye of devastation
  2424 | D:3      | Noticed a golden eye
  2429 | D:3      | Prayed at the altar of an unknown god.
  2429 | D:3      | Became a worshipper of Trog the Wrathful
  2429 | D:3      | Reached * piety under Trog
  2757 | D:3      | Noticed Terence
  2763 | D:3      | Killed Terence
  2764 | D:3      | Reached skill level 4 in Short Blades
  2764 | D:3      | Reached XP level 6. HP: 43/43 MP: 0/0
  2945 | D:3      | Noticed Natasha
  2954 | D:3      | Killed Natasha
  2955 | D:3      | Reached skill level 5 in Dodging
  3225 | D:4      | Reached skill level 2 in Shields
  3517 | D:4      | HP: 9/43 [orc/+0 trident (3)]
  3522 | D:4      | HP: 12/64 [kobold/+0 dagger (1)]
  3534 | D:4      | Reached ** piety under Trog
  3535 | D:4      | Reached XP level 7. HP: 11/49 MP: 0/0
  3535 | D:4      | Learned a level 3 spell: Frozen Ramparts
  3916 | D:4      | Noticed Sigmund
  3922 | D:4      | Killed Sigmund
  3923 | D:4      | Reached skill level 5 in Short Blades
  3923 | D:4      | Reached skill level 6 in Dodging
  3984 | D:4      | Noticed Edmund
  4049 | D:4      | HP: 13/73 [Edmund/+2 flail of protection (9)]
  4051 | D:4      | Killed Edmund
  4387 | D:4      | Found a hazy altar of Hepliaklqana.
  4420 | D:4      | Reached XP level 8. HP: 55/55 MP: 0/0
  4547 | D:5      | Entered Level 5 of the Dungeon
  4568 | D:4      | HP: 13/55 [gnoll/+0 flail (5)]
  4806 | D:5      | Found a staircase to the Ecumenical Temple.
  4901 | D:5      | Noticed a shadow
  4917 | D:5      | Killed a shadow
  4918 | D:5      | Reached skill level 3 in Fighting
  4918 | D:5      | Reached skill level 7 in Dodging
  5316 | D:5      | Reached skill level 6 in Short Blades
  5386 | D:5      | Got Gumuv's Catalogue of Displacement {forbidden}
  5598 | D:5      | Found a basalt altar of Yredelemnul.
  5816 | D:6      | Reached skill level 8 in Dodging
  5949 | D:5      | Reached skill level 4 in Fighting
  5953 | D:5      | Reached XP level 9. HP: 62/62 MP: 0/0
  5953 | D:5      | Learned a level 3 spell: Swiftness
  6173 | D:6      | Identified the +2 chain mail "Hesaosk" {Str-4 Int-2 SInv
                  | Stlth+}
  6537 | D:6      | Noticed Dowan
  6538 | D:6      | Noticed Duvessa
  6559 | D:6      | Killed Duvessa
  6818 | D:6      | Killed Dowan
  7221 | D:6      | Reached skill level 9 in Dodging
  7909 | D:7      | Reached skill level 5 in Fighting
  8098 | D:7      | Found an opulent altar of Gozag.
  8174 | D:7      | Identified the +1 hunting sling of Affirghe {vorpal, Str+6
                  | Dex-3}
  8330 | D:7      | Found a broken altar of Ashenzari.
  8357 | D:7      | Reached skill level 7 in Short Blades
  8535 | D:8      | Reached skill level 10 in Dodging
  9003 | D:8      | Reached XP level 10. HP: 72/72 MP: 0/0
  9173 | D:8      | Found a runed translucent door.
  9173 | D:8      | Noticed a green ugly thing
  9174 | D:8      | Noticed SirDiesAlot's ghost (novice MiFi)
  9471 | D:9      | Reached skill level 6 in Fighting
  9986 | D:9      | Reached skill level 11 in Dodging
 10621 | D:10     | Entered Level 10 of the Dungeon
 10627 | D:10     | Found Othyma's Antique Weapon Shop.
 10701 | D:10     | Noticed an orange demon
 10706 | D:10     | Noticed Amaemon
 10713 | D:10     | Gained mutation: Armour fits poorly on your strangely
                  | shaped body. [potion of mutation]
 10713 | D:10     | Gained mutation: Your mind is acute. (Int +2) [potion of
                  | mutation]
 10713 | D:10     | Gained mutation: You have a pair of small antennae on your
                  | head. [potion of mutation]
 10754 | D:10     | HP: 13/72 [acid dragon/splash of acid (19)]
 11197 | D:10     | Killed Amaemon
 11437 | D:10     | Killed an orange demon
 11502 | D:10     | Noticed a two-headed ogre
 11511 | D:10     | Reached skill level 8 in Short Blades
 11520 | D:10     | Killed a two-headed ogre
 11521 | D:10     | Reached skill level 7 in Fighting
 11521 | D:10     | Reached skill level 12 in Dodging
 11526 | D:10     | HP: 15/75 [steam dragon/ball of steam (5)]
 11848 | D:10     | Found a runed translucent gate.
 11848 | D:10     | Found a runed translucent gate.
 11851 | D:10     | Noticed mathmaestro's ghost (journeyman TrMo)
 11852 | D:10     | Noticed a kobold demonologist
 11854 | D:10     | Noticed a kobold demonologist
 11854 | D:10     | Found a runed translucent gate.
 11854 | D:10     | Noticed a kobold demonologist
 11877 | D:10     | Reached XP level 11. HP: 72/79 MP: 0/0
 11877 | D:10     | Learned a level 5 spell: Iskenderun's Battlesphere
 11966 | D:10     | HP: 12/79 [yak (9)]
 11967 | D:10     | HP: 3/79 [yak (10)]
 12315 | D:11     | Noticed a death yak
 12315 | D:11     | Noticed a death yak
 12315 | D:11     | Noticed a death yak
 12315 | D:11     | Found a staircase to the Lair.
 12325 | D:11     | Found Utiat's Weapon Emporium.
 12325 | D:11     | Noticed a cyclops
 12597 | D:13     | Noticed a cyan ugly thing
 12606 | D:13     | Noticed a boulder beetle
 12612 | D:13     | Killed a cyan ugly thing
 12612 | D:13     | Noticed a vault guard
 12617 | D:13     | Noticed a vault guard
 12618 | D:13     | Noticed a vault guard
 12619 | D:13     | Noticed a vault guard
 12621 | D:13     | Found a gate to the Vaults.
 12658 | D:13     | HP: 10/80 [something (18)]
 12751 | D:13     | Noticed a seven-headed hydra
 12753 | D:13     | HP: 14/81 [seven-headed hydra (8)]
 12754 | D:13     | HP: 1/81 [seven-headed hydra (13)]
 12754 | D:13     | Demolished by a seven-headed hydra

Vanquished Creatures
  A two-headed ogre (D:10)
  Amaemon (D:10)
  An ugly thing (D:13)
  An orange demon (D:10)
  An efreet (D:13)
  A troll (D:10)
  2 shadows
  Sigmund (D:4)
  5 yaks (D:10)
  A wraith (D:7)
  A steam dragon (D:10)
  Edmund (D:4)
  An acid dragon (D:9)
  Duvessa (D:6)
  A water moccasin (D:5)
  2 orc warriors (D:9)
  A black bear (D:6)
  An ogre (D:6)
  A sky beast (D:5)
  2 centaurs
  2 kobold brigands
  2 gnoll sergeants
  5 bullfrogs
  2 scorpions
  Dowan (D:6)
  13 killer bees
  3 electric eels
  4 hounds
  3 orc priests
  Jessica (D:3)
  A gnoll shaman (D:9)
  3 iguanas
  Natasha (D:3)
  Terence (D:3)
  16 gnolls
  10 adders
  2 river rats (D:3)
  A shadow imp (D:7)
  2 white imps
  2 ufetubi (D:5)
  3 worms
  16 orcs
  5 ball pythons
  7 bats
  3 endoplasms
  7 giant cockroaches
  4 goblins
  9 hobgoblins
  9 jackals
  14 kobolds
  4 quokkas
  2 frilled lizards (D:1)
  9 rats
194 creatures vanquished.

Vanquished Creatures (collateral kills)
  An orc priest (D:9)
  An orc wizard (D:9)
  3 orcs (D:9)
5 creatures vanquished.

Vanquished Creatures (others)
  28 plants (D:6)
28 creatures vanquished.

Grand Total: 227 creatures vanquished

Table legend:
 A = Non-vault XP
 B = Vault XP
 C = Vault XP percentage of total XP
 D = Non-vault monster count
 E = Vault monster count
 F = Vault count percentage of total count
                 A         B        C        D         E       F
            +---------+---------+-------+---------+---------+-------
      Total |    6679 |    3339 |  33.3 |     166 |      33 |  16.6
            +---------+---------+-------+---------+---------+-------
        D:1 |      46 |       0 |   0.0 |      26 |       0 |   0.0
        D:2 |      37 |       0 |   0.0 |      12 |       0 |   0.0
        D:3 |      77 |     209 |  73.1 |      14 |      16 |  53.3
        D:4 |     238 |     429 |  64.3 |      20 |       5 |  20.0
        D:5 |     852 |       0 |   0.0 |      14 |       0 |   0.0
        D:6 |     554 |     212 |  27.7 |      16 |       2 |  11.1
        D:7 |     754 |      59 |   7.3 |      12 |       5 |  29.4
        D:8 |     582 |       0 |   0.0 |      16 |       0 |   0.0
        D:9 |    1153 |       0 |   0.0 |      25 |       0 |   0.0
       D:10 |    1245 |    2430 |  66.1 |       8 |       5 |  38.5
       D:13 |    1141 |       0 |   0.0 |       3 |       0 |   0.0
            +---------+---------+-------+---------+---------+-------

Illustrated notes

Table legend:
 A = Kills in this place as a percentage of kills in entire the game.
 B = Kills by you in this place as a percentage of kills by you in the entire game.
 C = Kills by friends in this place as a percentage of kills by friends in the entire game.
 D = Other kills in this place as a percentage of other kills in the entire game.
 E = Experience gained in this place as a percentage of experience gained in the entire game.
 F = Experience gained in this place divided by the number of levels of this place that you have seen.
                   A       B       C       D       E      F
               +-------+-------+-------+-------+-------+----------------------
         Total | 100.0 | 100.0 | 100.0 |   N/A | 100.0 | 770.6
       Dungeon | 100.0 | 100.0 | 100.0 |   N/A | 100.0 | 770.6
               +-------+-------+-------+-------+-------+----------------------

Table legend: (Time is in decaauts)
 A = Elapsed time spent in this place.
 B = Non-inter-level travel time spent in this place.
 C = Inter-level travel time spent in this place.
 D = Time resting spent in this place.
 E = Time spent auto-exploring this place.
 F = Levels seen in this place.
 G = Mean time per level.
                   A        B        C        D        E       F      G
               +--------+--------+--------+--------+--------+-----+--------+
         Total |  12982 |  12574 |    408 |   4463 |   6322 |  13 |  998.6 |
       Dungeon |  12982 |  12574 |    408 |   4463 |   6322 |  13 |  998.6 |
               +--------+--------+--------+--------+--------+-----+--------+

Top non-repeatable levels by time:
     D:9: 2435 daAuts
     D:6: 1830 daAuts
     D:3: 1491 daAuts
     D:4: 1464 daAuts
     D:5: 1222 daAuts
     D:1: 1076 daAuts
     D:2: 834 daAuts
     D:8: 762 daAuts
    D:10: 716 daAuts
     D:7: 702 daAuts
    D:13: 220 daAuts
    D:12: 207 daAuts
    D:11: 19 daAuts
